 Dungeon Crawl Stone Soup version 0.19-a0-1007-g133f65f (webtiles) character file.

149 mistymad the Skirmisher (level 5, 29/29 HPs)
             Began as a Vine Stalker Fighter on July 21, 2016.
             Quit the game on level 2 of the Dungeon.
             The game lasted 00:03:24 (1537 turns).

mistymad the Skirmisher (Vine Stalker Fighter)      Turns: 1537, Time: 00:03:25

Health: 29/29      AC:  6    Str: 19    XL:     5   Next: 31%
Magic:  6/6        EV:  7    Int:  8    God:
Gold:   56         SH: 11    Dex: 14    Spells: 0 memorised, 4 levels left

rFire  . . .     SeeInvis .     a - +0 long sword
rCold  . . .     Gourm    .     b - +0 scale mail
rNeg   . . .     Faith    .     c - +0 shield
rPois  .         Spirit   +     (no helmet)
rElec  .         Dismiss  .     (no cloak)
rCorr  .         Reflect  +     (no gloves)
SustAt .         Harm     .     (no boots)
MR     .....                    e - +2 amulet of reflection
Stlth  ..........               (no ring)
                                (no ring)

@: not resistant to hostile enchantments, extremely unstealthy
A: fangs 2, regeneration 1, magic shield, antimagic bite, no device heal 3, rot
immunity
a: no special abilities


You were on level 2 of the Dungeon.
You were not hungry.

You visited 1 branch of the dungeon, and saw 2 of its levels.

You collected 56 gold pieces.

Inventory:

Hand Weapons
 a - a +0 long sword (weapon)
Armour
 b - a +0 scale mail (worn)
 c - a +0 shield (worn)
Jewellery
 e - a +2 amulet of reflection (around neck)
Wands
 k - a wand of slowing (47/48)
Scrolls
 i - 3 scrolls of identify
 l - a scroll of enchant armour
 o - a scroll of teleportation
 p - a scroll of amnesia {unknown}
Potions
 d - a potion of might
 g - 2 potions of invisibility
Comestibles
 f - a bread ration
 j - 3 chunks of flesh
 m - 2 slices of pizza


   Skills:
 + Level 3.6 Fighting
 + Level 3.0 Long Blades
 + Level 3.0 Armour
 + Level 3.3 Shields


You had 4 spell levels left.
You didn't know any spells.

Dungeon Overview and Level Annotations

Branches:
Dungeon (2/15)

Altars:
Gozag
Pakellas
Sif Muna


Innate Abilities, Weirdness & Mutations

You have extremely sharp teeth.
Your natural rate of healing is unusually fast.
When hurt, damage is shared between your health and your magic reserves.
Your bite disrupts and absorbs the magic of your enemies.
Potions and wands cannot restore your health.
You are immune to rotting.


Message History

The adder bites you but does no damage.
You hit the adder but do no damage. The adder closely misses you.
You completely miss the adder. Your bite misses the adder.
The adder barely misses you. You block the adder's attack.
You slash the adder!
You kill the adder!
Your Long Blades skill increases to level 3!
Health restored: 29 No target in view!
Key pressed, stopping explore.
There is an escape hatch in the ceiling here.
You open the door.
There is an open door here.
Found a stone staircase leading up.
Done exploring.
No target in view!
No target in view!
No target in view!
Done exploring.
Are you sure you want to abandon this character and quit the game? (Confirm with "yes".)

##.########............#.
#..<......'............#.
###########............#.
#..†........##.
#######....>......##.
#.................##.
#..........#########.
#..........# #.
#...@....†.# #.
#..........# #.
#..........# #.
#..........# #.
#..........# #.
#..........# ##
#<.........##########
############........[
#.########


There were no monsters in sight!

Vanquished Creatures
  Terence (D:2)
  Jessica (D:2)
  5 adders (D:2)
  4 worms (D:2)
  2 dart slugs
  A giant gecko (D:2)
  2 bats
  2 giant cockroaches (D:2)
  A goblin (D:1)
  8 hobgoblins
  2 jackals (D:2)
  A ball python (D:2)
  A giant newt (D:1)
  3 kobolds (D:1)
  5 rats
39 creatures vanquished.

Vanquished Creatures (others)
  A kobold (D:2)
1 creature vanquished.

Grand Total: 40 creatures vanquished

Notes
Turn   | Place    | Note
-------+----------+-------------------------------------------
     0 | D:1      | mistymad the Vine Stalker Fighter began the quest for the Orb.
     0 | D:1      | Reached XP level 1. HP: 11/11 MP: 2/2
   184 | D:1      | Reached XP level 2. HP: 16/16 MP: 3/3
   574 | D:2      | Noticed Terence
   616 | D:2      | Killed Terence
   616 | D:2      | Reached XP level 3. HP: 12/20 MP: 2/4
   680 | D:2      | Found an opulent altar of Gozag.
   680 | D:2      | Found an oddly glowing altar of Pakellas.
   684 | D:2      | Found a deep blue altar of Sif Muna.
   712 | D:2      | Noticed Jessica
   722 | D:2      | Killed Jessica
   722 | D:2      | Reached XP level 4. HP: 13/24 MP: 5/5
  1142 | D:2      | Reached XP level 5. HP: 21/28 MP: 6/6
  1537 | D:2      | Quit the game

Vault maps used:
D:1:      lemuel_arrival_funnel
D:2:      grunt_temple_overflow_open, uniq_jessica, uniq_terence

Skill      XL: |  1  2  3  4  5 |
---------------+----------------+-----
Long Blades    | 2 3 |  3.0
Fighting       | 3 |  3.6
Shields        | 3 |  3.3
Armour         | 3 |  3.0

Action                   |  1- 3 |  4- 6 || total
-------------------------+-------+-------++-------
Melee: Long sword        |    64 |    62 ||   126
       Bite              |    17 |    19 ||    36
  Use: Scroll            |       |     5 ||     5
  Eat: Chunk             |       |     2 ||     2
Armor: Scale mail        |    19 |    16 ||    35
Dodge: Dodged            |    14 |    15 ||    29
Block: Shield            |    46 |    35 ||    81
       Reflection        |     2 |     3 ||     5
